 Dungeon Crawl Stone Soup version 0.23.1 (webtiles) character file.

Game seed: 13763604048601611422

413 Kairos the Chopper (level 6, -3/32 HPs)
             Began as a Vine Stalker Fighter on Mar 5, 2019.
             Killed by divine providence
             ... invoked by an orc priest
              (14 damage)
             ... on level 4 of the Dungeon.
             The game lasted 00:05:11 (3071 turns).

Kairos the Chopper (Vine Stalker Fighter)           Turns: 3071, Time: 00:05:12

Health: -3/32      AC:  7    Str: 21    XL:     6   Next: 90%
Magic:  0/7        EV:  7    Int:  8    God:
Gold:   227        SH: 12    Dex: 13    Spells: 5/5 levels left

rFire    . . .     SeeInvis .   a - +2 war axe
rCold    . . .     Gourm    .   c - +0 shield
rNeg     . . .     Faith    .   b - +0 scale mail
rPois    .         Spirit   +   (no helmet)
rElec    .         Reflect  +   s - +0 cloak
rCorr    .         Harm     .   (no gloves)
MR       .....                  (no boots)
Stlth    ..........             k - +3 amulet of reflection
HPRegen  0.50/turn              (no ring)
MPRegen  0.10/turn              (no ring)

@: heavily drained
A: fangs 2, regeneration 1, magic shield, antimagic bite, no potion heal 3, rot
immunity
a: no special abilities


You were on level 4 of the Dungeon.
You were not hungry.

You visited 1 branch of the dungeon, and saw 4 of its levels.

You collected 227 gold pieces.

Inventory:

Hand Weapons
 a - a +2 war axe (weapon)
Armour
 b - a +0 scale mail (worn)
 c - a +0 shield (worn)
 s - a +0 cloak (worn)
Jewellery
 k - a +3 amulet of reflection (around neck)
 r - an uncursed amulet of rage
 t - an uncursed amulet of harm
Scrolls
 e - a scroll of magic mapping {unknown}
 g - 2 scrolls of teleportation
 i - a scroll of noise {unknown}
 j - 3 scrolls of remove curse {unknown}
 l - a scroll of blinking {unknown}
 n - a scroll of fog {unknown}
 o - a scroll of enchant armour {unknown}
Potions
 d - 3 potions of might
 h - a potion of agility {unknown}
 m - a potion of lignification {unknown}
 p - a potion of heal wounds {unknown}
 q - a potion of degeneration {unknown}
 u - a potion of brilliance {unknown}
Comestibles
 f - 4 rations


   Skills:
 + Level 3.3(1.8) Fighting
 + Level 4.5(2.9) Axes
 + Level 3.3(1.8) Armour
 + Level 0.7(0.0) Dodging
 + Level 0.6(0.0) Stealth
 + Level 3.8(2.3) Shields


You had 5 spell levels left.
You didn't know any spells.
Your spell library was empty.

Dungeon Overview and Level Annotations

Branches:
Dungeon (4/15)
 Temple: D:4-7

Altars:
Fedhas


Innate Abilities, Weirdness & Mutations

You have extremely sharp teeth.
Your natural rate of healing is unusually fast.
When hurt, damage is shared between your health and your magic reserves.
Your bite disrupts and absorbs the magic of your enemies.
Potions cannot restore your health.
You are immune to rotting.


Message History

An orc comes into view.
The orc shouts!
You hear a shout!
An orc and an orc priest come into view.
The orc priest shouts!
The orc shouts!
You block the orc's attack.
You slash the orc!
You kill the orc!
The orc priest invokes the aid of Beogh against you.
Beogh smites you!
The orc priest invokes the aid of Beogh against you.
Beogh smites you!
* * * LOW HITPOINT WARNING * * *
The orc throws a tomahawk.
The tomahawk barely misses you.
The orc throws a tomahawk.
You reflect the tomahawk off an invisible shield around you!
The tomahawk barely misses the orc.
An orc priest comes into view.
The orc priest calls down the wrath of Beogh upon you.
Beogh smites you!
You die...

#...# #.....##.....
#...# #.....##.....
#...# ##########.#.
####.#### #.#. #.......#
#.#> #.##.##....# #.#.
#.##.##.###. #.#.
#.##....# ######...
#.#####@## #........
#.#####..###############
#.................
########..o#..#..#.
#...........
#....)oo.... #
#.......(... #
#...#.o#..#. #
#........... #


You could see 2 orc priests and an orc.

Vanquished Creatures
  A phantom (D:4)
  A howler monkey (D:4)
  2 jellies (D:3)
  A worker ant (D:4)
  An orc wizard (D:4)
  3 adders
  9 oozes
  An adder skeleton (D:4)
  A worm (D:2)
  3 dart slugs
  2 leopard geckos
  6 orcs
  3 ball pythons
  9 bats
  2 giant cockroaches
  6 goblins
  8 hobgoblins
  A quokka (D:2)
  6 frilled lizards
  19 kobolds
  A leopard gecko skeleton (D:4)
  7 rats
93 creatures vanquished.

Vanquished Creatures (others)
  2 fungi (D:3)
  10 toadstools (D:3)
12 creatures vanquished.

Grand Total: 105 creatures vanquished

Notes
Turn   | Place    | Note
-------+----------+-------------------------------------------
     0 | D:1      | Kairos the Vine Stalker Fighter began the quest for the
                  | Orb.
     0 | D:1      | Reached XP level 1. HP: 11/11 MP: 2/2
    76 | D:1      | Reached XP level 2. HP: 16/16 MP: 3/3
    84 | D:1      | Reached skill level 2 in Axes
   533 | D:1      | Reached XP level 3. HP: 3/20 MP: 2/4
  1182 | D:2      | Found a blossoming altar of Fedhas.
  1526 | D:2      | Gained mutation: Your natural rate of healing is unusually
                  | fast. [Vine Stalker growth]
  1526 | D:2      | Reached XP level 4. HP: 19/24 MP: 3/5
  2112 | D:3      | Reached skill level 3 in Axes
  2112 | D:3      | Reached XP level 5. HP: 22/28 MP: 4/6
  2711 | D:4      | Noticed a phantom
  2731 | D:4      | Killed a phantom
  2731 | D:4      | Reached skill level 4 in Axes
  2731 | D:4      | Reached XP level 6. HP: 24/32 MP: 4/7
  3071 | D:4      | Killed from afar by an orc priest

Skill      XL: |  1  2  3  4  5 |
---------------+----------------+-----
Axes           | 2 3 4 |  4.5
Fighting       | 3 |  3.3
Shields        | 3 |  3.8
Armour         | 3 |  3.3
Dodging        | |  0.7
Stealth        | |  0.6

Action                   |  1- 3 |  4- 6 || total
-------------------------+-------+-------++-------
Melee: War axe           |   119 |   129 ||   248
       Bite              |    29 |    32 ||    61
  Use: Scroll            |     2 |     1 ||     3
  Eat: Chunk             |     2 |     1 ||     3
       Ration            |       |     2 ||     2
Armor: Scale mail        |    83 |    38 ||   121
Dodge: Dodged            |    47 |    36 ||    83
Block: Shield            |    94 |    75 ||   169
       Reflection        |       |     5 ||     5
